 Dungeon Crawl Stone Soup version 0.26-a0-672-g1df16c3386 (webtiles) character file.

Game seed: 15724973430252222690

11157 somkeydreadnuts the Fighter (level 11, -4/73 HPs)
             Began as a Gargoyle Earth Elementalist on Oct 19, 2020.
             Was an Initiate of Gozag.
             Slain by a death yak (19 damage)
             ... on level 9 of the Dungeon.
             The game lasted 01:54:49 (12037 turns).

somkeydreadnuts the Fighter (GrEE)                 Turns: 12037, Time: 01:54:53

Health: -4/73      AC: 14    Str: 12    XL:     11   Next: 73%
Magic:  1/17       EV: 11    Int: 22    God:    Gozag
Gold:   650        SH:  7    Dex: 10    Spells: 1/18 levels left

rFire    x . .     SeeInvis .   t - +0 trident (protect)
rCold    + . .     Faith    .   w - +2 buckler {reflect}
rNeg     + + .     Spirit   .   u - +1 leather armour of the Hippo {Harm Int+3}
rPois    ∞         Reflect  +   (no helmet)
rElec    +         Harm     +   x - +0 cloak
rCorr    .         Rampage  .   (no gloves)
MR       .....                  (no boots)
Stlth    ++........             K - amulet of magic regeneration
HPRegen  0.22/turn              o - ring of wizardry
MPRegen  0.40/turn              e - ring of Emmelis {Ice rPois rN+}

@: no status effects
A: negative energy resistance 1, electricity resistance, unbreathing,
petrification resistance, rot immunity, AC +8
a: Potion Petition, Call Merchant, Bribe Branch, Renounce Religion


You were on level 9 of the Dungeon.
You worshipped Gozag.
Gozag was pleased with you.
You visited 2 branches of the dungeon, and saw 11 of its levels.
You also visited: Ossuary.

You collected 1528 gold pieces.
You spent 247 gold pieces at shops.
You paid 631 gold pieces to Gozag.

Inventory:

Hand Weapons
 t - a +0 trident of protection (weapon)
 T - a +1 rapier of protection
Missiles
 a - 30 poisoned darts (quivered)
 b - 178 stones
 r - 8 curare-tipped darts
Armour
 c - a +2 robe of magic resistance
 u - the +1 leather armour of the Hippo (worn) {Harm Int+3}
   (You found it on level 4 of the Dungeon)

   It affects your intelligence (+3).
   It increases damage dealt and taken.
 w - a +2 buckler of reflection (worn)
 x - a +0 cloak (worn)
Jewellery
 e - the ring of Emmelis (right hand) {Ice rPois rN+}
   (You found it on level 4 of the Dungeon)

   [ring of ice]

   It enhances your ice magic.
   It makes you vulnerable to fire.
   It protects you from cold.
   It protects you from poison.
   It protects you from negative energy.
 h - an uncursed ring of ice
 o - a ring of wizardry (left hand)
 F - an uncursed ring of ice
 G - an uncursed ring of magical power
 J - an uncursed ring of fire
 K - an amulet of magic regeneration (around neck)
 O - an uncursed amulet of faith
 S - an uncursed ring of magical power
 W - a cursed amulet of regeneration
Wands
 p - a wand of disintegration (31)
 s - a wand of polymorph (3)
 B - a wand of random effects (12)
 E - a wand of flame (12)
 N - a wand of enslavement (12)
 V - a wand of iceblast (11)
Scrolls
 d - 5 scrolls of identify
 g - 3 scrolls of amnesia
 i - 8 scrolls of remove curse
 n - 9 scrolls of teleportation
 q - 6 scrolls of magic mapping
 y - a scroll of fear
 z - 4 scrolls of enchant weapon
 H - 2 scrolls of blinking
 L - a scroll of fog
 Q - a scroll of random uselessness {unknown}
 R - a scroll of noise {unknown}
 U - 2 scrolls of enchant armour
Potions
 f - 4 potions of brilliance
 k - 6 potions of haste
 l - a potion of invisibility
 m - 12 potions of curing
 v - 2 potions of heal wounds
 D - 2 potions of stabbing
 I - 2 potions of lignification {unknown}
 M - a potion of might {unknown}
 P - a potion of mutation {unknown}


   Skills:
 - Level 10.4 Fighting
 - Level 0.2 Short Blades
 - Level 0.6 Polearms
 - Level 0.3 Throwing
 - Level 7.1 Armour
 - Level 1.6 Dodging
 - Level 2.2 Stealth
 - Level 7.3 Shields
 - Level 4.0 Spellcasting
 + Level 8.4 Conjurations
 - Level 0.7 Transmutations
 + Level 0.3 Fire Magic
 * Level 2.5 Air Magic
 - Level 7.9 Earth Magic
 * Level 4.8 Poison Magic
 - Level 1.6 Evocations


You had one spell level left.
You knew the following spells:

 Your Spells              Type           Power        Failure   Level
a - Sandblast             Erth           #####.       1%          1
b - Passwall              Tmut/Erth      ###.....     1%          2
c - Stone Arrow           Conj/Erth      #####.       1%          3
d - Lee's Rapid Deconstr  Erth           #####.....   6%          5
e - Mephitic Cloud        Conj/Pois/Air  ####....     1%          3
f - Ignite Poison         Fire/Tmut/Pois ##......     8%          3

Your spell library contained the following spells:

 Spells                   Type           Power        Failure   Level
 Sting                    Tmut/Pois      ###.         1%          1
 Poisonous Vapours        Pois/Air       ###...       1%          2
 Olgreb's Toxic Radiance  Pois           ####....     8%          4
 Petrify                  Tmut/Erth      ###.....     10%         4


Dungeon Overview and Level Annotations

Branches:
Dungeon (10/15)            Temple (1/1) D:7            Lair (0/6) D:10
Ossuary (visited)
    Orc: D:9-12

Altars:
Ashenzari
Cheibriados
Dithmenos
Elyvilon
Fedhas
Gozag
Hepliaklqana
Kikubaaqudgha
Nemelex Xobeh
Okawaru
Qazlal
Trog
Uskayaw
Vehumet
Wu Jian
Yredelemnul
Zin
The Shining One

Shops:
D:10 [


Innate Abilities, Weirdness & Mutations

You are resistant to torment.
Your stone body is resilient. (AC +8)
You are immune to poison.
You resist negative energy. (rN+)
You are resistant to electric shocks. (rElec)
You can survive without breathing.
You are immune to petrification.
You are immune to rotting.


Message History

Press: ? - help, Shift-Dir - straight line, f/p - death yak
Aim: a death yak (almost dead)
The blast of sand hits the death yak.
The death yak is almost dead.
b - 179 stones The death yak gores you!
* * * LOW HITPOINT WARNING * * *
You feel much better. The death yak gores you!
* * * LOW HITPOINT WARNING * * *
Casting: Sandblast (safe; 1% risk of failure)
Confirm with . or Enter, or press ? or * to list all spells.
Aiming: Sandblast (safe; 1% risk of failure)
Press: ? - help, Shift-Dir - straight line, f/p - death yak
Aim: a death yak (almost dead)
The blast of sand hits the death yak!
The death yak is almost dead.
b - 178 stones The death yak gores you!
You die...
Your body crumbles into a pile of gold.

...#
#..[#..##
##.....##
##.. 8_.#
#..####.##
##8.8#####...
...# #..#
##.##
##'###......
...# ##.##
##.##
#...........
#.####..#
##.##
##..........
........#
#..#
###......##
........#
#..# #....###
#########
#..# #...##
#@Y## #...#
##○.###
##...#
#>°..###....#
##..........#
#..........#
##.........#
##..<....##
#<.....##
##......#


You could see a death yak.

Vanquished Creatures
  Harold (D:8)
  3 death yaks (D:9)
  A two-headed ogre (D:5)
  Pikel (D:7)
  Maggie (D:7)
  A troll (D:9)
  3 slime creatures (D:5)
  5 yaks
  A wyvern (D:9)
  Eustachio (D:5)
  3 water moccasins
  A black bear (D:7)
  5 orc warriors
  2 ice beasts (D:6)
  2 sky beasts (D:5)
  A hornet zombie (Ossuary)
  A necrophage (D:8)
  3 ogres
  5 phantoms
  2 lemures
  5 big kobolds
  A gnoll sergeant (D:7)
  5 bullfrogs
  2 scorpions
  13 wights
  6 howler monkeys
  A centaur zombie (Ossuary)
  3 bullfrog zombies (Ossuary)
  4 hounds
  4 jellies (D:5)
  6 orc priests
  8 orc wizards
  A gnoll shaman (D:7)
  An iron imp (D:6)
  9 iguanas
  14 mummies
  10 worker ants
  A killer bee zombie (Ossuary)
  2 hound skeletons
  3 worker ant zombies
  13 gnolls
  10 adders
  A shadow imp (D:9)
  3 white imps
  4 oozes
  5 adder zombies
  3 adder skeletons
  A worm (D:4)
  A dart slug (D:2)
  7 leopard geckos
  32 orcs
  8 bats
  3 giant cockroaches
  4 goblins
  7 hobgoblins
  5 jackals
  21 kobolds
  4 quokkas
  A ball python (D:1)
  4 frilled lizards
  A giant cockroach zombie (Ossuary)
  A jackal skeleton (D:7)
  2 kobold zombies (D:8)
  A leopard gecko zombie (Ossuary)
  2 orc zombies (D:8)
  2 quokka skeletons
  A quokka zombie (Ossuary)
  11 rats
300 creatures vanquished.

Vanquished Creatures (others)
  9 fungi (D:5)
  41 plants (D:7)
  6 toadstools (D:5)
  10 withered plants (Ossuary)
66 creatures vanquished.

Grand Total: 366 creatures vanquished

Notes
Turn   | Place    | Note
-------+----------+-------------------------------------------
     0 | D:1      | somkeydreadnuts the Gargoyle Earth Elementalist began the
                  | quest for the Orb.
     0 | D:1      | Reached XP level 1. HP: 10/10 MP: 3/3
   133 | D:1      | Reached XP level 2. HP: 14/15 MP: 1/5
   858 | D:2      | Reached XP level 3. HP: 19/19 MP: 4/6
  1641 | D:2      | Found a faded altar of an unknown god.
  1731 | D:3      | Reached XP level 4. HP: 21/24 MP: 5/8
  1942 | D:3      | Reached skill level 5 in Earth Magic
  2579 | D:3      | Reached XP level 5. HP: 9/28 MP: 7/10
  2871 | D:4      | Learned a level 2 spell: Passwall
  3051 | D:4      | Reached XP level 6. HP: 17/32 MP: 3/12
  3447 | D:4      | Learned a level 3 spell: Stone Arrow
  3711 | D:4      | Reached XP level 7. HP: 36/36 MP: 11/13
  3805 | D:4      | Got a twisted leather armour
  3817 | D:4      | Identified the cursed +1 leather armour of the Hippo {Harm
                  | Int+3} (You found it on level 4 of the Dungeon)
  3874 | D:4      | Got a smoking pewter ring
  3887 | D:4      | Identified the ring of Emmelis {Ice rPois rN+} (You found
                  | it on level 4 of the Dungeon)
  3896 | D:4      | Learned a level 5 spell: Lee's Rapid Deconstruction
  4083 | D:4      | Reached skill level 1 in Armour
  4261 | D:5      | Entered Level 5 of the Dungeon
  4360 | D:5      | Noticed a two-headed ogre
  4368 | D:5      | Killed a two-headed ogre
  4368 | D:5      | Reached XP level 8. HP: 41/41 MP: 5/14
  4445 | D:5      | Noticed Eustachio
  4470 | D:5      | Killed Eustachio
  4470 | D:5      | Reached skill level 1 in Fighting
  4470 | D:5      | Reached skill level 1 in Evocations
  4599 | D:5      | Reached skill level 2 in Fighting
  4606 | D:5      | Reached skill level 3 in Fighting
  4850 | D:5      | Reached skill level 4 in Fighting
  4850 | D:5      | Reached skill level 1 in Conjurations
  4983 | D:5      | Reached XP level 9. HP: 50/52 MP: 5/15
  4984 | D:5      | Reached skill level 5 in Fighting
  5095 | D:5      | Reached skill level 6 in Fighting
  5177 | D:5      | Reached skill level 7 in Fighting
  5744 | D:6      | Reached skill level 8 in Fighting
  6095 | D:5      | Reached skill level 9 in Fighting
  6095 | D:5      | Reached XP level 10. HP: 56/66 MP: 10/16
  6308 | D:6      | Learned a level 3 spell: Mephitic Cloud
  6473 | D:6      | Found a hazy altar of Hepliaklqana.
  6770 | D:6      | Found a snail-covered altar of Cheibriados.
  6912 | D:6      | Reached skill level 5 in Conjurations
  7027 | D:7      | Found a sand-covered staircase.
  7044 | D:7      | Reached skill level 10 in Fighting
  7296 | Ossuary  | Entered an ossuary
  8024 | Ossuary  | Identified a scroll of acquirement
  8024 | Ossuary  | Acquired a +2 buckler of reflection
  8075 | D:7      | Reached skill level 1 in Shields
  8184 | D:7      | Found a staircase to the Ecumenical Temple.
  8194 | Temple   | Entered the Ecumenical Temple
  8276 | Temple   | Became a worshipper of Gozag Ym Sagoz the Greedy
  8761 | D:8      | Noticed Pikel
  8780 | D:7      | Noticed Maggie
  8791 | D:7      | Killed Maggie
  8877 | D:7      | Killed Pikel
  8877 | D:7      | Reached skill level 5 in Shields
  9322 | D:7      | Reached XP level 11. HP: 57/73 MP: 14/17
  9671 | D:8      | Reached skill level 1 in Poison Magic
  9795 | D:8      | Found a glowing golden altar of the Shining One.
 10205 | D:8      | Noticed Harold
 10212 | D:8      | Killed Harold
 10670 | D:9      | Found a basalt altar of Yredelemnul.
 10670 | D:9      | Found a radiant altar of Vehumet.
 11203 | D:9      | Reached skill level 1 in Air Magic
 11465 | D:9      | Learned a level 3 spell: Ignite Poison
 11467 | D:10     | Entered Level 10 of the Dungeon
 11529 | D:10     | Bought a +2 robe of magic resistance for 247 gold pieces
 11564 | D:10     | Noticed a death yak
 11567 | D:10     | Noticed a death yak
 11568 | D:10     | Noticed a death yak
 11619 | D:10     | Noticed a death yak
 11645 | D:9      | Killed a death yak
 11857 | D:10     | Found a staircase to the Lair.
 11938 | D:10     | Noticed a death yak
 11963 | D:9      | Killed a death yak
 11995 | D:9      | Killed a death yak
 12037 | D:9      | Slain by a death yak

Illustrated notes

Levels and vault maps discovered:
D:1:      lemuel_arrival_cross, layout_loops_cross
D:2:      layout_basic, chequers_ecumenical_altar_simple_redux
D:3:      layout_basic
D:4:      layout_basic
D:5:      cheibrodos_fertilizer, layout_basic, nrook_uturn, uniq_eustachio
D:6:      layout_cave_pools, lemuel_coloured_pillars_altar,
          portal_sewer_entry_e, chei_slow_surprise
D:7:      kennysheep_housing_project, layout_rooms,
          gammafunk_temple_overflow_statue, minmay_temple_entry_butterflies,
          serial_corexii_hall, corexii_hall_statues_x,
          chequers_hall_statues_wall_a, nicolae_ossuary_entry_ruins, uniq_maggie
D:8:      layout_basic, tso_metal_star, minmay_mini_ossuary, uniq_harold,
          uniq_pikel
D:9:      layout_layer_cave, chequers_temple_overflow_statue_of_worship,
          dk_noncrumbling_4, grunt_ministairs_2
D:10:     layout_loops_ring, dpeg_lair_monsters
Temple:   regret_index_temple_sphere_string

Skill      XL: |  1  2  3  4  5  6  7  8  9 10 11 |
---------------+----------------------------------+-----
Earth Magic    | 4 5 6 7 |  7.9
Spellcasting   | 3 4 |  4.0
Armour         | 7 |  7.1
Fighting       | 4 9 10 | 10.4
Evocations     | 1 |  1.6
Conjurations   | 1 4 5 8 |  8.4
Shields        | 7 |  7.3
Poison Magic   | 4 |  4.8
Air Magic      | 2 |  2.5
Short Blades   | |  0.2
Polearms       | |  0.6
Throwing       | |  0.3
Dodging        | |  1.6
Stealth        | |  2.2
Transmutations | |  0.7
Fire Magic     | |  0.3

Action                   |  1- 3 |  4- 6 |  7- 9 | 10-12 || total
-------------------------+-------+-------+-------+-------++-------
Melee: Unarmed           |    15 |       |       |       ||    15
       Dagger            |    28 |       |       |       ||    28
       War axe           |    19 |   102 |       |       ||   121
       Trident           |       |    35 |   125 |   308 ||   468
Throw: Dart              |       |     5 |    12 |    11 ||    28
 Cast: Sandblast         |    30 |    44 |    37 |    94 ||   205
       Lee's Rapid Decon |       |       |    10 |    19 ||    29
       Stone Arrow       |       |       |    15 |    83 ||    98
       Mephitic Cloud    |       |       |       |     9 ||     9
       Ignite Poison     |       |       |       |     5 ||     5
Invok: Call Merchant     |       |       |       |     1 ||     1
Evoke: Wand              |       |       |     3 |     1 ||     4
  Use: Scroll            |       |     4 |     1 |    15 ||    20
       Potion            |       |       |       |     2 ||     2
 Stab: Sleeping          |     3 |       |     1 |       ||     4
       Confused          |       |       |       |     2 ||     2
Armor: Robe              |    30 |    81 |       |       ||   111
       Leather armour    |       |       |   112 |   175 ||   287
Dodge: Dodged            |    50 |   139 |   118 |   216 ||   523
Block: Buckler           |       |       |       |    76 ||    76
       Reflection        |       |       |       |    11 ||    11

Table legend: (Time is in decaauts)
 A = Elapsed time spent in this place.
 B = Non-inter-level travel time spent in this place.
 C = Inter-level travel time spent in this place.
 D = Time resting spent in this place.
 E = Time spent auto-exploring this place.
 F = Levels seen in this place.
 G = Mean time per level.
                   A        B        C        D        E       F      G
               +--------+--------+--------+--------+--------+-----+--------+
         Total |  12281 |  12261 |     20 |      0 |   6903 |  12 | 1023.4 |
       Dungeon |  11275 |  11255 |     20 |      0 |   6438 |  10 | 1127.5 |
        Temple |    159 |    159 |      0 |      0 |     97 |   1 |  159.0 |
       Ossuary |    845 |    845 |      0 |      0 |    367 |   1 |  845.0 |
               +--------+--------+--------+--------+--------+-----+--------+

Top non-repeatable levels by time:
     D:5: 1756 daAuts
     D:4: 1436 daAuts
     D:7: 1407 daAuts
     D:6: 1286 daAuts
     D:9: 1267 daAuts
     D:3: 1178 daAuts
     D:2: 998 daAuts
     D:8: 994 daAuts
 Ossuary: 845 daAuts
     D:1: 715 daAuts
    D:10: 235 daAuts
  Temple: 159 daAuts
